AoeStats
← Megaman

Arabia

510645130Analyzed
2v2 RM · 2d ago on Oct 2, 2026· 43m 59s· 4 players
Game mode
Random Map
Map size
Medium (4 player)
Population
200
Speed
Normal
Resources
Standard
Victory
Conquest
Starting age
Dark Age
Ending age
Imperial Age
RankedLock teamsTeams togetherTeam positionsShared explorationLock speedFull tech treeHidden civsTurbo modeCheats
Victory
Defeat
🇨🇱 Mapuche · Chile
1054
+11
🇨🇱 Inca · Chile
943
+40
🇺🇸 Mongols · United States
951
-14
🇸🇦 Khitans · Saudi Arabia
926
-13
Megaman
11:33 Feudal Age
10:27 Loom
12:19 Double-Bit Axe
12:27 Gold Mining
14:40 Fletching
16:03 Horse Collar
23:33 Castle Age
33:16 Wheelbarrow
36:01 Hand Cart
36:15 Heavy Plow
37:41 Bow Saw
39:52 Gold Shaft Mining
42:22 Bodkin Arrow
98_Natsu
10:57 Feudal Age
24:30 Castle Age
22:47 Stone Mining
22:55 Double-Bit Axe
22:54 Domestication
26:08 Bow Saw
26:03 Pastoralism
28:07 Padded Archer Armor
28:07 Scale Mail Armor
28:18 Forging
28:14 Scale Barding Armor
35:04 Loom
41:47 Imperial Age
39:48 Leather Archer Armor
39:24 Fletching
Coronel Duyu
6:27 Loom
10:23 Feudal Age
16:22 Castle Age
14:44 Fletching
14:58 Double-Bit Axe
14:59 Horse Collar
15:45 Padded Archer Armor
19:52 Bodkin Arrow
27:08 Leather Archer Armor
27:55 Wheelbarrow
29:05 Bow Saw
32:23 Hand Cart
35:37 Imperial Age
34:27 Forging
34:22 Caravan
36:13 Ballistics
36:04 Masonry
36:02 Heavy Plow
35:57 Gold Mining
35:57 Stone Mining
36:05 Stone Mining
38:29 Gold Shaft Mining
38:34 Stone Shaft Mining
38:40 Ring Archer Armor
39:57 Iron Casting
39:51 Elite Bolas Rider
41:51 Chemistry
42:05 Town Watch
42:41 Butalmapu
44:38 Conscription
Chico_zaldivar
2:57 Loom
10:56 Feudal Age
19:17 Champi Runner
23:24 Fletching
24:22 Arson
24:47 Double-Bit Axe
27:22 Wheelbarrow
26:48 Town Watch
30:55 Castle Age
28:40 Horse Collar
32:44 Caravan
34:15 Hand Cart
34:01 Town Patrol
34:18 Forging
34:09 Scale Mail Armor
34:12 Squires
36:03 Champi Warrior
40:49 Chain Mail Armor
Connection lost

Rejoining the realm…

Still unreachable

The connection could not be restored.

Session expired

The server has moved on; the page needs a fresh start.